 Dungeon Crawl Stone Soup version 0.22.0-18-ge075c0d (webtiles) character file.

781 riellis the Slasher (level 8, -3/58 HPs)
             Began as a Formicid Fighter on Aug 18, 2018.
             Slain by a steam dragon (6 damage)
             ... on level 5 of the Dungeon.
             The game lasted 00:09:19 (4686 turns).

riellis the Slasher (Formicid Fighter)              Turns: 4686, Time: 00:09:19

Health: -3/58      AC:  9    Str: 23    XL:     8   Next: 11%
Magic:  8/8        EV:  7    Int:  8    God:
Gold:   178        SH: 10    Dex: 10    Spells: 7/7 levels left

rFire    + . .     SeeInvis +   a - +0 long sword
rCold    x . .     Gourm    .   c - +0 shield
rNeg     . . .     Faith    .   n - +0 chain mail
rPois    +         Spirit   .   (helmet unavailable)
rElec    .         Reflect  .   (no cloak)
rCorr    .         Harm     .   (no gloves)
MR       .....                  (no boots)
Stlth    ..........             (no amulet)
HPRegen  0.19/turn              i - ring of poison resistance
MPRegen  0.11/turn              k - ring of fire

@: invisible
A: permanent stasis, dig shafts and tunnels, four strong arms, antennae 3
a: Dig, Shaft Self


You were on level 5 of the Dungeon.
You were near starving.

You visited 1 branch of the dungeon, and saw 5 of its levels.
You also visited: Sewer.

You collected 178 gold pieces.

Inventory:

Hand Weapons
 a - a +0 long sword (weapon)
 p - a +0 dagger of draining
 w - a +2 dagger of freezing
Armour
 b - a +0 scale mail
 c - a +0 shield (worn)
 j - a +0 pair of boots
 n - a +0 chain mail (worn)
Jewellery
 i - a ring of poison resistance (left hand)
 k - a ring of fire (right hand)
 q - an uncursed amulet of guardian spirit
 r - a +2 ring of evasion {unknown}
Wands
 v - a wand of random effects (31)
Scrolls
 t - a scroll of fear
Potions
 d - a potion of might
 e - a potion of ambrosia {unknown}
 g - 2 potions of resistance
 h - a potion of magic {unknown}
 l - a potion of haste
 m - a potion of lignification {unknown}
 o - a potion of invisibility
 s - a potion of degeneration {unknown}
 u - 2 potions of mutation {unknown}
Comestibles
 f - 9 rations


   Skills:
 - Level 3.2 Fighting
 * Level 7.2 Long Blades
 - Level 3.2 Armour
 + Level 6.8 Shields


You had 7 spell levels left.
You didn't know any spells.
Your spell library contained the following spells:

 Spells                   Type           Power        Failure   Level  Hunger
 Recall                   Summ/Tloc      N/A          100%        3    ####...
 Aura of Abjuration       Summ           #.........   100%        5    ######.
 Summon Demon             Summ           #.........   100%        5    ######.
 Summon Forest            Summ/Tloc      #.........   100%        5    ######.
 Summon Mana Viper        Hex/Summ       #.......     100%        5    ######.
 Shadow Creatures         Summ           N/A          100%        6    #######


Dungeon Overview and Level Annotations

Branches:
Dungeon (5/15)
 Temple: D:4-7

Altars:
Gozag
Trog
Yredelemnul
The Shining One


Innate Abilities, Weirdness & Mutations

You cannot be hasted, slowed, berserked, paralysed or teleported.
You can dig through walls and to a lower floor.
Your four strong arms can wield two-handed weapons with a shield.
You have a pair of large antennae on your head. (SInv)


Message History

You block the steam dragon's attack.
Your chain mail prevents you from hitting the steam dragon.
The steam dragon is heavily wounded.
You block the steam dragon's attack. x2
You hit the steam dragon.
The steam dragon is severely wounded.
You block the steam dragon's attack. The steam dragon barely misses you.
Your chain mail prevents you from hitting the steam dragon.
The steam dragon is severely wounded.
You block the steam dragon's attack.
The steam dragon claws you but does no damage.
You hit the steam dragon.
The steam dragon is severely wounded.
The steam dragon breathes steam at you. The ball of steam hits you! You resist.
* * * LOW HITPOINT WARNING * * *
It was a potion of invisibility.
You fade into invisibility!
The steam dragon bites you.
You die...

##### ########≈P.###
#....##.≈..P.#
#....#P[....P## .
#....#P....$P.# .##
#....#P.......# .)..
#....##P≈..)P#
....######....###D≈.≈≈#
................@#..P##
#......#######§##≈.≈#
#......# #.# P.≈#
.#####.###### #.# ?.P#
............# #.# P..#
....##.####.# #.# ≈.≈#
... #.# #.# P.## .. #.#
#.# . #.# #.#


You could see a steam dragon.

Vanquished Creatures
  Sigmund (D:3)
  A steam dragon (D:5)
  Purgy (D:4)
  A phantom (D:4)
  A crocodile (Sewer)
  A howler monkey (D:4)
  A crimson imp (D:5)
  2 hounds (D:4)
  3 gnolls (D:4)
  8 adders
  A worm (D:3)
  3 dart slugs
  4 leopard geckos
  6 orcs
  A ball python (D:3)
  10 bats
  7 giant cockroaches
  10 goblins
  9 hobgoblins
  A quokka (D:2)
  7 frilled lizards
  5 kobolds
  7 rats
91 creatures vanquished.

Vanquished Creatures (others)
  A fungus (D:5)
1 creature vanquished.

Grand Total: 92 creatures vanquished

Notes
Turn   | Place    | Note
-------+----------+-------------------------------------------
     0 | D:1      | riellis the Formicid Fighter began the quest for the Orb.
     0 | D:1      | Reached XP level 1. HP: 18/18 MP: 1/1
   238 | D:1      | Reached XP level 2. HP: 24/24 MP: 2/2
   674 | D:1      | Reached XP level 3. HP: 29/29 MP: 3/3
   782 | D:2      | Reached skill level 3 in Long Blades
  1181 | D:2      | Reached XP level 4. HP: 21/35 MP: 4/4
  2161 | D:3      | Reached skill level 4 in Long Blades
  2367 | D:3      | Noticed Sigmund
  2369 | D:3      | Reached XP level 5. HP: 41/41 MP: 5/5
  2385 | D:3      | Killed Sigmund
  2385 | D:3      | Reached skill level 5 in Long Blades
  2385 | D:3      | Reached skill level 5 in Shields
  2385 | D:3      | Reached XP level 6. HP: 38/47 MP: 6/6
  2709 | D:3      | Found a glowing drain.
  2742 | Sewer    | Entered a sewer
  2842 | Sewer    | Reached XP level 7. HP: 45/52 MP: 7/7
  3060 | D:3      | Found a glowing golden altar of the Shining One.
  3306 | D:3      | Found an opulent altar of Gozag.
  3307 | D:3      | Found a basalt altar of Yredelemnul.
  3444 | D:4      | Reached skill level 6 in Long Blades
  3849 | D:4      | Noticed Purgy
  3866 | D:4      | Killed Purgy
  3978 | D:4      | Found a bloodstained altar of Trog.
  4289 | D:4      | Reached skill level 7 in Long Blades
  4289 | D:4      | Reached XP level 8. HP: 52/58 MP: 8/8
  4587 | D:5      | Entered Level 5 of the Dungeon
  4686 | D:5      | Slain by a steam dragon

Skill      XL: |  1  2  3  4  5  6  7 |
---------------+----------------------+-----
Shields        | 4 5 6 |  6.8
Long Blades    | 3 4 5 7 |  7.2
Fighting       | |  3.2
Armour         | |  3.2

Action                   |  1- 3 |  4- 6 |  7- 9 || total
-------------------------+-------+-------+-------++-------
Melee: Long sword        |   108 |   166 |   164 ||   438
 Abil: Dig               |       |       |     1 ||     1
  Use: Scroll            |       |     4 |     5 ||     9
       Potion            |       |       |     2 ||     2
  Eat: Chunk             |     1 |     6 |     4 ||    11
Armor: Scale mail        |    35 |    24 |       ||    59
       Chain mail        |       |    68 |    56 ||   124
Dodge: Dodged            |    47 |    62 |    39 ||   148
Block: Shield            |    55 |    98 |    85 ||   238
       Rpst.: Long sword |    19 |    26 |     8 ||    53
